 Dungeon Crawl Stone Soup version 0.31-a0-152-g6aa68a64a1 (webtiles) character file.

Game seed: 16522781494759407001

36 qw the Shooter (level 3, 0/31 HPs)
             Began as a Minotaur Hunter on June 9, 2023.
             Succumbed to an adder's poison
             ... on level 2 of the Dungeon.
             The game lasted 00:00:18 (854 turns).

qw the Shooter (Minotaur Hunter)                     Turns: 854, Time: 00:00:19

Health: 0/31       AC:  3    Str: 15    XL:     3   Next: 19%
Magic:  2/2        EV: 12    Int:  6    God:
Gold:   114        SH:  0    Dex: 15    Spells: 2/2 levels left

rFire   . . .        a - +0 shortbow
rCold   . . .        (shield currently unavailable)
rNeg    . . .        c - +0 leather armour
rPois   .            (helmet restricted)
rElec   .            (no cloak)
rCorr   .            (no gloves)
SInv    .            (no boots)
Will    .....        (no amulet)
Stlth   +            (no ring)
HPRegen 0.25/turn    (no ring)
MPRegen 0.08/turn

%: no passive effects
@: lethally poisoned (0 -> -7)
A: horns 2, retaliatory headbutt
a: no special abilities


You were on level 2 of the Dungeon.
You visited 1 branch of the dungeon, and saw 2 of its levels.

You collected 114 gold pieces.


Innate Abilities, Weirdness & Mutations

You have a pair of horns on your head.
You reflexively headbutt those who attack you in melee.


   Skills:
 - Level 3.0 Fighting
 + Level 5.3 Ranged Weapons
 - Level 2.1 Dodging
 - Level 0.7 Stealth


You had 2 spell levels left.
You didn't know any spells.
Your spell library was empty.

Inventory:

Hand Weapons
 a - a +0 shortbow (weapon)
Armour
 c - a +0 leather armour (worn)
Jewellery
 g - an amulet of faith
Scrolls
 j - a scroll of blinking {unknown}
Potions
 b - 2 potions of might {unknown}
 d - a potion of mutation {unknown}
 e - a potion of heal wounds {unknown}
 f - a potion of cancellation {unknown}
 h - a potion of enlightenment {unknown}
 i - a potion of lignification {unknown}

Dungeon Overview and Level Annotations

Branches:
Dungeon (2/15)

Altars:


Message History

An adder comes into view.
Enter note:
Enter note: You shoot an arrow.
The arrow barely misses the adder.
You shoot an arrow. The arrow closely misses the adder.
You shoot an arrow.
The arrow hits the adder but does no damage.
You shoot an arrow. The arrow misses the adder.
The adder misses you.
You shoot an arrow. The arrow barely misses the adder.
The adder closely misses you.
You shoot an arrow. The arrow hits the adder.
The adder is heavily wounded.
The adder bites you.
You are poisoned.
The adder poisons you! The adder bites you but does no damage.
You shoot an arrow. The arrow closely misses the adder.
You feel sick. The adder bites you.
You are more poisoned.
The adder poisons you! The adder bites you.
You are more poisoned.
The adder poisons you!
You shoot an arrow. The arrow barely misses the adder.
You feel very sick. The adder bites you.
You are more poisoned.
The adder poisons you!
You shoot an arrow. The arrow closely misses the adder.
You feel very sick. The adder closely misses you. You furiously retaliate!
You headbutt the adder. The adder bites you.
You shoot an arrow. The arrow barely misses the adder.
You feel very sick.
A goblin comes into view. It is wielding a +0 dagger.
The adder bites you.
The goblin moves out of view.
You shoot an arrow. The arrow barely misses the adder.
You feel sick. The adder bites you. The adder misses you.
You shoot an arrow. The arrow hits the adder!
You kill the adder!
You die...

#..........#
#..........#
#..........#
#####..........#
...#..........#
#............#
######...........#
.......>.........#
.......@.........#
......#.##########
..... #.# .... #.#
... #.# .. #.# .
#.# #.#


There were no monsters in sight!

Vanquished Creatures
  2 adders (D:2)
  4 ball pythons
  4 endoplasms
  2 giant cockroaches (D:1)
  2 goblins
  3 hobgoblins (D:1)
  2 kobolds (D:1)
  2 bats
  A frilled lizard (D:1)
  3 rats
25 creatures vanquished.

Notes
Turn   | Place    | Note
-------+----------+-------------------------------------------
     0 | D:1      | qw the Minotaur Hunter began the quest for the Orb.
     0 | D:1      | Reached XP level 1. HP: 18/18 MP: 0/0
     0 | D:1      | 0 ||| qw: Version: 0.2-a-122-gbc61b45
     0 | D:1      | 0 ||| qw: Game counter: 3469
     0 | D:1      | 0 ||| qw: Always use a shield: true
     0 | D:1      | 0 ||| qw: God list: Okawaru
     0 | D:1      | 0 ||| qw: Allow faded altars: false
     0 | D:1      | 0 ||| qw: Do Orc after D:15 true
     0 | D:1      | 0 ||| qw: Do second Lair branch before Depths: true
     0 | D:1      | 0 ||| qw: Lair rune preference: random
     0 | D:1      | 0 ||| qw: Plans: Normal
     0 | D:1      | 0 ||| PLANNING D:1-11
   172 | D:1      | Reached XP level 2. HP: 25/25 MP: 1/1
   173 | D:1      | Reached skill level 5 in Ranged Weapons
   626 | D:1      | Reached skill level 3 in Fighting
   692 | D:1      | 692 ||| DROPPING scroll of butterflies.
   727 | D:2      | Reached XP level 3. HP: 25/31 MP: 2/2
   852 | D:2      | HP: 7/31 [adder (1)]
   853 | D:2      | HP: 1/31 [adder (4)]
   854 | D:2      | Succumbed to an adder's poison

Levels and vault maps discovered:
D:1:      dpeg_arrival_concentric_ovals, layout_loops_ring
D:2:      layout_basic, basic_altar, chequers_ecumenical_altar_grove,
          uniq_terence, uniq_jessica

Skill      XL: |  1  2 |
---------------+-------+-----
Ranged Weapons | 5 |  5.3
Fighting       | 3 |  3.0
Dodging        | |  2.1
Stealth        | |  0.7

Action                     || total
---------------------------++-------
   Fire: Shortbow          ||    74
 Armour: Leather armour    ||     5
  Dodge: Dodged            ||    20

Table legend:
 A = Non-vault XP
 B = Vault XP
 C = Vault XP percentage of total XP
 D = Non-vault monster count
 E = Vault monster count
 F = Vault count percentage of total count
                 A         B        C        D         E       F
            +---------+---------+-------+---------+---------+-------
      Total |      66 |       0 |   0.0 |      25 |       0 |   0.0
            +---------+---------+-------+---------+---------+-------
        D:1 |      29 |       0 |   0.0 |      17 |       0 |   0.0
        D:2 |      37 |       0 |   0.0 |       8 |       0 |   0.0
            +---------+---------+-------+---------+---------+-------
